 Dungeon Crawl Stone Soup version 0.32-a0-675-gdc239d62e1 (webtiles) character file.

Game seed: 14765810042036960293

23 BeKind the Chiller (level 2, -3/17 HPs)
             Began as an Octopode Ice Elementalist on Mar 11, 2024.
             Killed by divine providence
             ... invoked by an orc priest
              (12 damage)
             ... on level 2 of the Dungeon.
             The game lasted 00:01:04 (1098 turns).

BeKind the Chiller (Octopode Ice Elementalist)      Turns: 1098, Time: 00:01:04

Health: -3/17      AC:  1    Str:  7    XL:     2   Next: 95%
Magic:  14/14      EV: 13    Int: 17    God:
Gold:   80         SH:  0    Dex: 12    Spells: 4/5 levels left

rFire   . . .        j - +0 spear
rCold   . . .        (no shield)
rNeg    . . .        (helmet restricted)
rPois   .            (no amulet)
rElec   .            f - ring of magical power
rCorr   .            (no ring)
SInv    .            (no ring)
Will    .....        (no ring)
Stlth   +++          (no ring)
HPRegen 0.22/turn    (no ring)
MPRegen 0.14/turn    (no ring)
                     (no ring)

%: no passive effects
@: lethally poisoned (-3 -> -9)
A: almost no armour, amphibious, 8 rings, camouflage 1, gelatinous body 1,
(nimble swimmer 1), tentacles
a: Convert to Beogh


You were on level 2 of the Dungeon.
You visited 1 branch of the dungeon, and saw 2 of its levels.

You collected 80 gold pieces.

Inventory:

Hand Weapons
 j - a +0 spear (weapon)
Jewellery
 f - a ring of magical power (left tentacle)
Scrolls
 d - a scroll of blinking {unknown}
 g - 2 scrolls of identify {unknown}
 k - 2 scrolls of fear {unknown}
 l - 2 scrolls of torment {unknown}
 m - a scroll of teleportation {unknown}
Potions
 a - a potion of magic
 b - 2 potions of curing {unknown}
 c - a potion of brilliance {unknown}
 e - a potion of cancellation {unknown}
 h - a potion of attraction {unknown}
 i - a potion of might {unknown}


   Skills:
 + Level 2.3 Dodging
 + Level 3.3 Stealth
 + Level 2.3 Spellcasting
 + Level 4.2 Ice Magic


You had 4 spell levels left.
You knew the following spells:

 Your Spells              Type           Power      Damage    Failure   Level
a - Freeze                Ice            64%        1d7       3%          1

Your spell library contained the following spells:

 Spells                   Type           Power      Damage    Failure   Level
 Frozen Ramparts          Ice            32%        1d5       10%         3
 Ozocubu's Armour         Ice            16%        N/A       10%         3
 Summon Ice Beast         Ice/Summ       9%         N/A       24%         3


Dungeon Overview and Level Annotations

Branches:
Dungeon (2/15)

Altars:


Innate Abilities, Weirdness & Mutations

You cannot wear most types of armour.
You are amphibious.
You can wear up to eight rings at the same time.
Your skin changes colour to match your surroundings (Stealth+).
Your rubbery body absorbs attacks. (AC +1, EV +1)
((You are camouflaged when in or above water. (Stealth+)))
You have tentacles for arms and can constrict up to eight enemies at once.


Message History

You squeeze the hobgoblin.
The hobgoblin is heavily wounded.
You constrict the hobgoblin. The hobgoblin hits you.
You hit the hobgoblin but do no damage. You squeeze the hobgoblin.
You kill the hobgoblin!
No target in view!
m - a scroll labelled HAWKAC TOUKE
g - 2 scrolls labelled WAMARY WUPOOD (gained 1)
You now have 62 gold pieces (gained 3).
Found an escape hatch in the ceiling.
No target in view!
No target in view!
No target in view!
Found 5 large rocks.
You now have 80 gold pieces (gained 18).
An orc and an orc priest come into view.
The orc priest is wielding a +1 dagger of venom.
Found a scale mail.
The orc priest shouts!
The orc shouts!
You hear a shout! x2
An orc comes into view. It is wielding a +0 mace.
You hit the orc priest but do no damage.
You grab the orc priest. You constrict the orc priest.
The orc priest hits you with a +1 dagger of venom.
You are poisoned.
An orc comes into view. It is wielding a +0 mace.
The orc misses you.
You hit the orc priest but do no damage.
The orc priest is lightly wounded.
You constrict the orc priest.
You feel very sick. The orc priest misses you. The orc closely misses you.
You hit the orc priest but do no damage.
You squeeze the orc priest.
The orc priest is severely wounded.
You constrict the orc priest.
You feel very sick.
The orc priest mumbles some strange prayers to Beogh against you.
Beogh smites you!
Ouch! That really hurt!
You die...

######.#......##
.........##...##
.....#.#.##..... # ..#
...#.##..... #.
....###........ ##o#
.....###........ ##...#
####...>.#.##.##
##....o#########.#....#
#..[.oo@..######.#..#.#
##.....##.#...##.#.†#.##
##...# #.#...##........
##.# #.......###.#### ##
#......<....#
#........#####
##.#...### ###.(.# #####


You could see an orc priest and 3 orcs.

Vanquished Creatures
  3 endoplasms
  3 goblins (D:1)
  4 hobgoblins
  4 ball pythons
  A bat (D:1)
  3 frilled lizards (D:1)
  3 kobolds (D:1)
  A rat (D:1)
22 creatures vanquished.

Notes
Turn   | Place    | Note
-------+----------+-------------------------------------------
     0 | D:1      | BeKind the Octopode Ice Elementalist began the quest for
                  | the Orb.
     0 | D:1      | Reached XP level 1. HP: 11/11 MP: 3/3
   250 | D:1      | Reached XP level 2. HP: 16/17 MP: 1/5
  1098 | D:2      | Killed from afar by an orc priest

Illustrated notes

Levels and vault maps discovered:
D:1:      heliophobic_arrival_battle_scene, layout_loops_ring, minmay_cut_off
D:2:      layout_loops_cross

Skill      XL: |  1 |
---------------+----+-----
Stealth        | 3 |  3.3
Dodging        | |  2.3
Spellcasting   | |  2.3
Ice Magic      | |  4.2

Action                     || total
---------------------------++-------
  Melee: Tentacles         ||    10
         Unarmed           ||     1
         Spear             ||    36
         Constrict         ||    10
   Cast: Freeze            ||    11
   Stab: Sleeping          ||     5
 Armour: Skin              ||    14
  Dodge: Dodged            ||    13

Table legend: (Time is in decaauts)
 A = Elapsed time spent in this place.
 B = Non-inter-level travel time spent in this place.
 C = Inter-level travel time spent in this place.
 D = Time resting spent in this place.
 E = Time spent auto-exploring this place.
 F = Levels seen in this place.
 G = Mean time per level.
                   A        B        C        D        E       F      G
               +--------+--------+--------+--------+--------+-----+--------+
         Total |   1100 |   1072 |     28 |      0 |    899 |   2 |  550.0 |
       Dungeon |   1100 |   1072 |     28 |      0 |    899 |   2 |  550.0 |
               +--------+--------+--------+--------+--------+-----+--------+

Top non-repeatable levels by time:
     D:1: 1014 daAuts
     D:2: 85 daAuts
